 Dungeon Crawl Stone Soup version 0.22-a0-897-g1b7a381375 (webtiles) character file.

979 Mirvelgyr the Cleaver (level 7, -1/61 HPs)
             Began as a Deep Dwarf Fighter on July 31, 2018.
             Slain by an orc warrior
             ... wielding a cursed +0 glaive
              (10 damage)
             ... on level 6 of the Dungeon.
             The game lasted 00:06:04 (4392 turns).

Mirvelgyr the Cleaver (Deep Dwarf Fighter)          Turns: 4392, Time: 00:06:05

Health: -1/61      AC: 13    Str: 22    XL:     7   Next: 96%
Magic:  6/6        EV:  4    Int:  8    God:
Gold:   256        SH:  9    Dex: 14    Spells: 6/6 levels left

rFire    . . .     SeeInvis .   a - +0 war axe
rCold    . . .     Gourm    .   c - +0 shield
rNeg     . . .     Faith    .   b - +0 plate armour
rPois    +         Spirit   .   r - +0 helmet
rElec    .         Reflect  .   (no cloak)
rCorr    .         Harm     .   d - +0 pair of gloves
MR       +....                  (no boots)
Stlth    ..........             (no amulet)
HPRegen  0.00/turn              g - +2 ring of dexterity
MPRegen  0.10/turn              x - ring of poison resistance

@: non-regenerating
A: damage resistance, heal wounds, sense surroundings 1, no regeneration
a: Heal Wounds


You were on level 6 of the Dungeon.
You were not hungry.

You visited 1 branch of the dungeon, and saw 6 of its levels.

You collected 256 gold pieces.

Inventory:

Hand Weapons
 a - a +0 war axe (weapon)
Armour
 b - a +0 plate armour (worn)
 c - a +0 shield (worn)
 d - a +0 pair of gloves (worn)
 r - a +0 helmet (worn)
Jewellery
 g - a +2 ring of dexterity (left hand)
 x - a ring of poison resistance (right hand)
Wands
 z - a wand of iceblast (6)
Scrolls
 e - 8 scrolls of remove curse
 i - 2 scrolls of enchant armour {unknown}
 j - a scroll of noise {unknown}
 o - 2 scrolls of amnesia
 p - a scroll of magic mapping {unknown}
 q - a scroll of blinking {unknown}
 t - a scroll of enchant weapon {unknown}
 u - a scroll of teleportation {unknown}
 v - a scroll of fear {unknown}
 w - 2 scrolls of fog {unknown}
 y - a scroll of torment {unknown}
Potions
 h - a potion of mutation {unknown}
 k - 2 potions of brilliance
 l - a potion of flight {unknown}
 m - 3 potions of agility {unknown}
 n - a potion of curing {unknown}
 s - a potion of heal wounds {unknown}
Comestibles
 f - 8 rations
 A - 4 chunks of flesh


   Skills:
 - Level 2.6 Fighting
 + Level 10.2 Axes
 - Level 3.2 Armour
 - Level 3.2 Shields


You had 6 spell levels left.
You didn't know any spells.
Your spell library was empty.

Dungeon Overview and Level Annotations

Branches:
Dungeon (6/15)
 Temple: D:4-7

Altars:
Elyvilon
Kikubaaqudgha
Okawaru
Wu Jian


Innate Abilities, Weirdness & Mutations

You are resistant to damage.
You can heal yourself by infusing magical energy.
You passively map a small area around you.
You do not regenerate.


Message History

The orc wizard flickers and vanishes!
You closely miss the orc warrior.
The orc warrior is moderately wounded.
The orc warrior hits you with a glaive!
You hit the orc warrior but do no damage.
The orc warrior is moderately wounded.
You block the orc warrior's attack.
You hit the orc warrior.
The orc warrior is heavily wounded.
Your plate armour prevents you from hitting the orc warrior.
The orc warrior is heavily wounded.
The orc warrior barely misses you.
Your shield and plate armour prevent you from hitting the orc warrior.
The orc warrior is heavily wounded.
The orc warrior hits you with a glaive!
* * * LOW HITPOINT WARNING * * *
You closely miss the orc warrior.
The orc warrior is heavily wounded.
The orc warrior hits you with a glaive!
You die...

, , , * *, ,
* * .. ##.###
.....# , ,
....# , * ,*
* * ,...# , ,
, #####.###
... * *
#{o@....#
,,..., , ,
#{###...#
,.... .. *
##..###.....
## *
#....#.... ,
, ##........
, #...####.
#..#...#
#......# * ,
, *
#####..#.###,


You could see an orc warrior.

Vanquished Creatures
  Duvessa (D:6)
  An ice beast (D:5)
  A phantom (D:4)
  An ogre (D:5)
  Dowan (D:6)
  2 scorpions (D:5)
  A crimson imp (D:5)
  3 hounds
  2 orc priests
  An orc wizard (D:5)
  4 worker ants
  4 adders
  A shadow imp (D:2)
  An ooze (D:3)
  2 worms
  A dart slug (D:1)
  4 leopard geckos
  8 orcs
  5 giant cockroaches
  7 goblins
  14 hobgoblins
  8 jackals
  4 quokkas
  6 bats
  7 frilled lizards
  10 kobolds
  12 rats
112 creatures vanquished.

Notes
Turn   | Place    | Note
-------+----------+-------------------------------------------
     0 | D:1      | Mirvelgyr the Deep Dwarf Fighter began the quest for the Orb.
     0 | D:1      | Reached XP level 1. HP: 20/20 MP: 1/1
    74 | D:1      | Reached skill level 3 in Axes
    77 | D:1      | Reached XP level 2. HP: 18/27 MP: 2/2
   925 | D:2      | Reached skill level 4 in Axes
   925 | D:2      | Reached XP level 3. HP: 20/33 MP: 3/3
  1042 | D:2      | Reached XP level 4. HP: 23/40 MP: 4/4
  1109 | D:2      | Reached skill level 5 in Axes
  1312 | D:2      | Found a faded altar of an unknown god.
  1771 | D:3      | Reached XP level 5. HP: 28/46 MP: 4/4
  1808 | D:3      | Reached skill level 6 in Axes
  2586 | D:4      | Noticed a phantom
  2606 | D:4      | Killed a phantom
  2606 | D:4      | Reached skill level 7 in Axes
  2606 | D:4      | Reached XP level 6. HP: 36/55 MP: 5/5
  2957 | D:5      | Entered Level 5 of the Dungeon
  3019 | D:5      | Reached skill level 8 in Axes
  3113 | D:5      | Reached XP level 7. HP: 13/61 MP: 6/6
  3344 | D:5      | HP: 2/61 [ice beast (9)]
  3352 | D:5      | Reached skill level 9 in Axes
  3772 | D:5      | Found an ancient bone altar of Kikubaaqudgha.
  3775 | D:5      | Found a white marble altar of Elyvilon.
  3778 | D:5      | Found an iron altar of Okawaru.
  4125 | D:5      | Found an ornate altar of the Wu Jian Council.
  4308 | D:6      | Noticed Duvessa
  4308 | D:6      | Noticed Dowan
  4317 | D:6      | Killed Duvessa
  4317 | D:6      | Reached skill level 10 in Axes
  4326 | D:6      | Killed Dowan
  4392 | D:6      | Slain by an orc warrior

Vault maps used:
D:1:      dpeg_arrival_radiant, serial_bayou, serial_bayou_crossing,
          serial_bayou_shore_a, serial_bayou_lagoon_a, serial_bayou_lagoon_b,
          serial_bayou_pond_d, serial_bayou_shore_b, minivault_5,
          minmay_misc_feat_enclosed
D:2:      serial_co_window_serial, co_window_paths_a, co_window_corner_a,
          co_window_cross_1, co_window_cross_1, co_window_of_opportunity_a,
          co_window_corner_b, co_window_cross_4, co_window_corner_b,
          co_window_4corner_a, chequers_ecumenical_altar_lobes,
          kennysheep_generic_room_10
D:3:      corexii_shack_village, first_ration
D:5:      nicolae_overflow_hidden_temple, grunt_temple_overflow_diamond,
          hangedman_decor_riveting
D:6:      lemuel_doored_altar, serial_shops, shop, gammafunk_ghost_smash,
          uniq_duvessa

Skill      XL: |  1  2  3  4  5  6  7 |
---------------+----------------------+-----
Axes           | 3 4 5 7 8 10 | 10.2
Fighting       | |  2.6
Armour         | |  3.2
Shields        | |  3.2

Action                   |  1- 3 |  4- 6 |  7- 9 || total
-------------------------+-------+-------+-------++-------
Melee: War axe           |    86 |   216 |    95 ||   397
 Abil: Heal Wounds       |       |     3 |     3 ||     6
  Use: Scroll            |       |       |     4 ||     4
       Potion            |       |       |     1 ||     1
  Eat: Chunk             |     1 |     7 |     1 ||     9
       Ration            |       |       |     1 ||     1
Armor: Scale mail        |    29 |    68 |       ||    97
       Chain mail        |       |     6 |    26 ||    32
       Plate armour      |       |       |    17 ||    17
Dodge: Dodged            |    30 |    56 |    22 ||   108
Block: Shield            |    39 |   115 |    29 ||   183

Table legend:
 A = Spawn XP
 B = Non-spawn XP
 C = Spawn XP percentage of total XP
 D = Spawn monster count
 E = Non-spawn monster count
 F = Spawn count percentage of total count
 G = Total turns spent on level
                    A         B        C        D         E        F      G
               +---------+---------+-------+---------+---------+-------+---------
         Total |       0 |    1399 |   0.0 |       0 |     112 |   0.0 |  4392
               +---------+---------+-------+---------+---------+-------+---------
           D:1 |       0 |      39 |   0.0 |       0 |      22 |   0.0 |   885
           D:2 |       0 |     117 |   0.0 |       0 |      23 |   0.0 |   779
           D:3 |       0 |     137 |   0.0 |       0 |      42 |   0.0 |   759
           D:4 |       0 |     155 |   0.0 |       0 |       4 |   0.0 |   534
           D:5 |       0 |     728 |   0.0 |       0 |      19 |   0.0 |  1342
           D:6 |       0 |     223 |   0.0 |       0 |       2 |   0.0 |    93
               +---------+---------+-------+---------+---------+-------+---------
